 Dungeon Crawl Stone Soup version 0.20.1-1-g8b1a95d (webtiles) character file.

10 GlobuleJohn the Grasshopper (level 2, -5/26 HPs)
             Began as a Naga Warper on Oct 24, 2017.
             Slain by a gnoll (7 damage)
             ... on level 2 of the Dungeon.
             The game lasted 00:10:10 (864 turns).

GlobuleJohn the Grasshopper (Naga Warper)            Turns: 864, Time: 00:10:10

Health: -5/26      AC:  2    Str: 13    XL:     2   Next: 20%
Magic:  5/5        EV:  9    Int: 13    God:
Gold:   54         SH:  0    Dex: 10    Spells: 5/5 levels left

rFire    . . .     SeeInvis +   a - +0 hand axe
rCold    . . .     Gourm    .   (no shield)
rNeg     . . .     Faith    .   b - +0 leather armour
rPois    +         Spirit   .   (no helmet)
rElec    .         Reflect  .   (no cloak)
rCorr    .         Harm     .   (no gloves)
MR       .....                  (no barding)
Stlth    +.........             (no amulet)
Regen    0.1/turn               (no ring)
MPRegen  0.1/turn               (no ring)

@: very slow
A: see invisible, deformed body, poison resistance, slowness 2, slow metabolism
1, spit poison 1, AC +0
a: Spit Poison


You were on level 2 of the Dungeon.
You were not hungry.

You visited 1 branch of the dungeon, and saw 2 of its levels.

You collected 54 gold pieces.

Inventory:

Hand Weapons
 a - a +0 hand axe (weapon)
Missiles
 e - 5 tomahawks of dispersal (quivered)
Armour
 b - a +0 leather armour (worn)
Jewellery
 g - an uncursed ring of positive energy {unknown}
 q - an uncursed amulet of the gourmand {unknown}
Scrolls
 d - a scroll of blinking
 l - 2 scrolls of identify {unknown}
 o - a scroll of noise {unknown}
Potions
 i - a potion of degeneration {unknown}
 j - a potion of haste {unknown}
 k - a potion of might {unknown}
 m - 2 potions of curing {unknown}
 p - a potion of flight {unknown}
Books
 c - a book of Spatial Translocations

   Spells                             Type                      Level
   a - Blink                          Translocation                2
   b - Shroud of Golubria             Charms/Translocation         2
   c - Lesser Beckoning               Translocation                3
   d - Gell's Gravitas                Translocation                3
   e - Teleport Other                 Translocation                3
   f - Passage of Golubria            Translocation                4
Comestibles
 f - a bread ration
 h - a royal jelly
 n - a meat ration


   Skills:
 - Level 2.0 Fighting
 + Level 2.4 Axes
 - Level 0.8 Throwing
 - Level 0.7 Armour
 - Level 1.5 Dodging
 + Level 1.9 Stealth
 - Level 2.0 Spellcasting
   Level 3.0 Translocations


You had 5 spell levels left.
You didn't know any spells.

Dungeon Overview and Level Annotations

Branches:
Dungeon (2/15)

Altars:


Innate Abilities, Weirdness & Mutations

You cannot wear boots.
Your serpentine skin is tough. (AC +0)
You have supernaturally acute eyesight. (SInv)
Armour fits poorly on your strangely shaped body.
Your system is resistant to poisons. (rPois)
You cover ground very slowly.
You have a slow metabolism.
You can spit poison.


Message History

A gnoll comes into view.
The gnoll shouts!
The gnoll moves out of view. 2 gnolls come into view.
The gnoll shouts! x3
The gnoll hits you from afar with a halberd!
* * * LOW HITPOINT WARNING * * *
You hit the gnoll.
The gnoll is lightly wounded.
The gnoll barely misses you.
You hit the gnoll but do no damage. The gnoll closely misses you.
You hit the gnoll.
The gnoll is moderately wounded.
The gnoll hits you from afar with a halberd.
* * * LOW HITPOINT WARNING * * *
The gnoll hits you from afar with a spear.
* * * LOW HITPOINT WARNING * * *
The gnoll barely misses you. The gnoll hits you!
You die...

#.
#.......................
#
#.##..######...####+#...
...#..........#.###
##.####
.................
.......
.#.#####..###.#.##
##..... #. #........##
#####. #.######...#.....
#. ......#...#...## #.
.....ggg@....... #.
#####g##..#.#... .. ...
#..#... .. #.# ##.# #..
.. #. .. .# . . ... #
.... .....


You could see 4 gnolls.

Vanquished Creatures
  A dart slug (D:1)
  A ball python (D:2)
  2 goblins
  2 bats (D:1)
  2 frilled lizards
  2 rats (D:1)
10 creatures vanquished.

Notes
Turn   | Place    | Note
-------+----------+-------------------------------------------
     0 | D:1      | GlobuleJohn the Naga Warper began the quest for the Orb.
     0 | D:1      | Reached XP level 1. HP: 19/19 MP: 3/3
   402 | D:1      | Reached skill level 1 in Stealth
   576 | D:1      | Reached XP level 2. HP: 22/26 MP: 5/5
   864 | D:2      | Slain by a gnoll

Skill      XL: |  1 |
---------------+----+-----
Stealth        | 1 |  1.9
Fighting       | |  2.0
Axes           | |  2.4
Throwing       | |  0.8
Armour         | |  0.7
Dodging        | |  1.5
Spellcasting   | |  2.0
Translocations | |  3.0

Action                   || total
-------------------------++-------
Melee: Hand axe          ||    22
 Abil: Spit Poison       ||     1
  Use: Potion            ||     2
Armor: Leather armour    ||    17
Dodge: Dodged            ||    31
